 Dungeon Crawl Stone Soup version 0.31-a0-1626-g5cb510d322 (webtiles) character file.

Game seed: 5303678058642697738

45 runemasterragnar the Changeling (level 3, -3/29 HPs)
             Began as a Draconian Shapeshifter on Jan 13, 2024.
             Slain by a gnoll
             ... wielding a +0 flail
             ... led by a gnoll bouda
              (10 damage)
             ... on level 3 of the Dungeon.
             The game lasted 00:02:11 (1252 turns).

runemasterragnar the Changeling (DrSh)              Turns: 1252, Time: 00:02:12

Health: -3/29      AC:  5    Str: 18    XL:     3   Next: 42%
Magic:  3/3        EV: 12    Int: 10    God:
Gold:   131        SH:  0    Dex: 10    Spells: 2/2 levels left

rFire   + . .        k - +2 battleaxe (flame)
rCold   . . .        (shield currently unavailable)
rNeg    + . .        (body armour unavailable)
rPois   +            (helmet currently unavailable)
rElec   .            (cloak currently unavailable)
rCorr   +            (gloves currently unavailable)
SInv    .            (boots currently unavailable)
Will    .....        (no amulet)
Stlth   +            o - ring "Jalacy" {rPois rF+ rN+ rCorr}
HPRegen 0.24/turn    j - ring of flight
MPRegen 0.08/turn

%: no passive effects
@: beast-form, flying
A: beast (slay +1), AC +5, unfitting armour, cold-blooded
a: Begin Untransformation


You were on level 3 of the Dungeon.
You were a hulking beast.
You visited 1 branch of the dungeon, and saw 3 of its levels.

You collected 131 gold pieces.

Inventory:

Hand Weapons
 g - a +2 mace of draining
 h - a +0 triple crossbow
 k - a +2 battleaxe of flaming (weapon)
Jewellery
 j - a ring of flight (right hand)
 o - the ring "Jalacy" (left hand) {rPois rF+ rN+ rCorr}
   (You found it on level 2 of the Dungeon)

   [ring of positive energy]

   rF+:       It protects you from fire.
   rPois:     It protects you from poison rN+: It protects you from negative
   energy.
   rCorr:     It protects you from acid and corrosion.
Talismans
 b - a beast talisman
 c - a flux talisman
Scrolls
 d - a scroll of enchant weapon {unknown}
 f - a scroll of teleportation {unknown}
 l - a scroll of vulnerability {unknown}
 m - a scroll of torment {unknown}
Potions
 a - a potion of lignification
 e - 2 potions of curing {unknown}
 i - 3 potions of brilliance {unknown}
 n - a potion of haste {unknown}


   Skills:
 + Level 1.7 Fighting
 * Level 0.5(0.7) Axes
 - Level 0.7(0.9) Maces & Flails
 * Level 0.6 Ranged Weapons
 + Level 2.1 Dodging
 - Level 3.2 Unarmed Combat
 - Level 3.3 Shapeshifting


You had 2 spell levels left.
You didn't know any spells.
Your spell library contained the following spells:

 Spells                   Type           Power      Damage    Failure   Level
 Magic Dart               Conj           0%         1d3       36%         1
 Blink                    Tloc           0%         N/A       50%         2
 Call Imp                 Summ           0%         N/A       50%         2
 Anguish                  Hex/Necr       0%         N/A       98%         4
 Cause Fear               Hex            0%         N/A       98%         4
 Leda's Liquefaction      Alch/Erth      0%         N/A       98%         4
 Lee's Rapid Deconstruct  Erth           0%         3d4*      100%        5
 Bombard                  Conj/Erth      0%         9d1       100%        6
 Enfeeble                 Hex            0%         N/A       100%        7


Dungeon Overview and Level Annotations

Branches:
Dungeon (3/15)

Altars:


Innate Abilities, Weirdness & Mutations

You are a hulking beast.
Your limbs bulge with bestial killing power. (Slay +1)
Your plain brown scales are hard. (AC +5)
You cannot fit into any form of body armour.
You are cold-blooded and may be slowed by cold attacks.


Message History

A gnoll bouda and a gnoll come into view.
The gnoll shouts!
You hear a shout! x3
A gnoll comes into view. It is wielding a +0 spear.
A kobold comes into view. It is wielding a +0 short sword.
Something hits the plant.
The plant begins to die.
There are monsters nearby! 2 gnolls come into view.
The gnoll bouda shouts!
The gnoll shouts! x2
The gnoll hits the plant with a +0 club.
The plant begins to die.
The gnoll hits the plant with a +0 flail!
The plant begins to die.
A gnoll comes into view. It is wielding a +0 spear.
The gnoll shouts! x2; The kobold shouts!
A jelly comes into view.
The gnoll bouda barks out a call to the hunt!
The gnolls pick up the pace!
The gnoll hits the plant with a +0 flail.
The plant begins to die.
The gnoll hits the plant with a +0 club!
The jelly quivers.
The gnoll hits the plant with a +0 flail.
The gnoll hits the plant with a +0 club.
The gnoll hits you with a +0 flail.
The gnoll hits you from afar with a +0 spear.
You completely miss the gnoll. The gnoll closely misses you.
The gnoll barely misses you. x2
You barely miss the gnoll. The gnoll misses you.
The gnoll hits you with a +0 flail! The gnoll closely misses you.
The gnoll hits you with a +0 flail.
You slash the gnoll! You burn the gnoll.
You tail-slap the gnoll, but do no damage.
The gnoll is severely wounded.
The gnoll is no longer moving quickly.
The gnoll bouda barks out a call to the hunt!
The gnoll picks up the pace!
The gnoll hits you from afar with a +0 spear.
* * * LOW HITPOINT WARNING * * *
The gnoll hits you with a +0 flail!
You die...

#..PPP....##
######...g......
.......#.# #gg.#
#g### #g# #g#
#g# ######h# #.#
#......# #.#
#.###### #.#
#.#########.#
#........##.#
########.##.#
#.##.#
.######.##.#
...........#


You could see a gnoll bouda and 5 gnolls.

Vanquished Creatures
  An adder (D:2)
  A dart slug (D:1)
  A ribbon worm (D:2)
  4 endoplasms
  A giant cockroach (D:1)
  4 goblins (D:1)
  2 hobgoblins (D:2)
  6 kobolds
  A quokka (D:1)
  4 ball pythons
  A bat (D:1)
  3 frilled lizards (D:1)
  2 rats (D:1)
31 creatures vanquished.

Notes
Turn   | Place    | Note
-------+----------+-------------------------------------------
     0 | D:1      | runemasterragnar the Draconian Shapeshifter began the quest
                  | for the Orb.
     0 | D:1      | Reached XP level 1. HP: 16/16 MP: 1/1
   272 | D:1      | Reached XP level 2. HP: 23/23 MP: 2/2
   907 | D:2      | Reached XP level 3. HP: 28/28 MP: 3/3
  1171 | D:2      | Identified the ring "Jalacy" {rPois rF+ rN+ rCorr}
  1252 | D:3      | Slain by a gnoll

Illustrated notes

Levels and vault maps discovered:
D:1:      erik_arrival_triangle_large, layout_basic
D:2:      layout_rooms
D:3:      layout_loops_ring, nicolae_uskayaw_en_pointe, gammafunk_ghost_icy,
          serial_shops, shop, nicolae_grassy_gnolls, uniq_pargi

Skill      XL: |  1  2 |
---------------+-------+-----
Dodging        | 2 |  2.1
Fighting       | |  1.7
Axes           | |  0.5
Maces & Flails | |  0.7
Ranged Weapons | |  0.6
Unarmed Combat | |  3.2
Shapeshifting  | |  3.3

Action                     || total
---------------------------++-------
  Melee: Unarmed           ||    13
         Mace              ||    31
         Battleaxe         ||    22
         Tailslap          ||     4
   Fire: Triple crossbow   ||     5
   Stab: Sleeping          ||     2
 Armour: Skin              ||    39
  Dodge: Dodged            ||    43

Table legend: (Time is in decaauts)
 A = Elapsed time spent in this place.
 B = Non-inter-level travel time spent in this place.
 C = Inter-level travel time spent in this place.
 D = Time resting spent in this place.
 E = Time spent auto-exploring this place.
 F = Levels seen in this place.
 G = Mean time per level.
                   A        B        C        D        E       F      G
               +--------+--------+--------+--------+--------+-----+--------+
         Total |   1285 |   1271 |     14 |      0 |   1010 |   3 |  428.3 |
       Dungeon |   1285 |   1271 |     14 |      0 |   1010 |   3 |  428.3 |
               +--------+--------+--------+--------+--------+-----+--------+

Top non-repeatable levels by time:
     D:1: 835 daAuts
     D:2: 396 daAuts
     D:3: 53 daAuts
